 Dungeon Crawl Stone Soup version 0.14-a0-2162-g062a2ce (webtiles) character file.

419 Kae the Firebug (level 5, -5/28 HPs)
             Began as a Tengu Fire Elementalist on Jan 28, 2014.
             Slain by an orc
             ... wielding a +0,+0 orcish anti-magic war axe
              (7 damage)
             ... on Level 3 of the Dungeon.
             The game lasted 00:03:11 (2783 turns).

Kae the Firebug (Tengu Fire Elementalist)           Turns: 2783, Time: 00:03:11

HP  -5/28        AC  3     Str  8      XL: 5   Next: 94%
MP   1/12        EV 12     Int 16      God:
Gold 202         SH  0     Dex 15      Spells:  1 memorised,  8 levels left

rFire  . . .     SeeInvis .     d - -3 elf dagger
rCold  . . .     Clarity  .     a - +0 robe
rNeg   . . .     Conserve .     (no shield)
rPois  .         rCorr    .     (helmet restricted)
rElec  .         rRot     .     q - +0 cloak
SustAb . .       Spirit   .     (no gloves)
rMut   .         Warding  .     (boots unavailable)
Saprov . . .     Stasis   +     j - amulet of stasis
MR     .....                    (no ring)
                                (no ring)

@: not resistant to hostile enchantments, fairly stealthy
A: able to fly, beak, talons 3
a: Fly


You were on level 3 of the Dungeon.
You were not hungry.

You visited 1 branch of the dungeon, and saw 3 of its levels.

You collected 202 gold pieces.

Inventory:

Hand weapons
 d - a -3,-3 elven dagger (weapon)
Missiles
 o - 13 darts of frost (quivered)
Armour
 a - a +0 robe (worn)
 q - a +0 cloak (worn)
Comestibles
 c - 3 bread rations
 r - an apple
 t - a meat ration
Scrolls
 f - a scroll of amnesia
 h - a scroll of magic mapping
 k - a scroll of recharging
 l - 2 scrolls of remove curse
 m - a scroll of identify
 p - a scroll of teleportation {unknown}
 s - a scroll of enchant weapon I {unknown}
Jewellery
 j - an amulet of stasis (around neck)
 v - a +3 ring of strength {unknown}
Potions
 e - a potion of confusion {unknown}
 g - a potion of restore abilities
 i - a potion of curing {unknown}
 n - 3 potions of resistance {unknown}
 u - a potion of magic {unknown}
Books
 b - a book of Flames

   Spells                             Type                      Level
   *Flame Tongue                      Conjuration/Fire             1
   Throw Flame                        Conjuration/Fire             2
   Conjure Flame                      Conjuration/Fire             3
   Inner Flame                        Hexes/Fire                   3
   Sticky Flame                       Conjuration/Fire             4
   Fireball                           Conjuration/Fire             5


   Skills:
 - Level 2.1 Dodging
 - Level 2.0 Stealth
 + Level 2.8 Spellcasting
 * Level 4.7 Conjurations
 * Level 5.2 Fire Magic


You had 8 spell levels left.
You knew the following spells:

 Your Spells              Type           Power        Failure   Level  Hunger
a - Flame Tongue          Conj/Fire      ###..        2%          1    #......


Dungeon Overview and Level Annotations

Branches:
Dungeon (3/16)

Altars:


Innate Abilities, Weirdness & Mutations

You can fly.
You have a beak for a mouth.
You have claws for feet.


Message History

The gnoll hits you from afar with a runed spear.
The eye of draining stares at you.
You hit the orc. Your kick misses the orc. You peck the orc.
The orc is severely wounded.
The orc barely misses you. The orc closely misses you.
The gnoll hits you from afar with a runed spear.
* * * LOW HITPOINT WARNING * * *
The gnoll completely misses you.
Read which item? (? for menu, Esc to quit)
As you read the scroll labeled PSOPEPLIRGHE, it crumbles to dust.
Forget which spell ([?*] list [ESC] exit)?
Okay, then.
It was a scroll of amnesia.
The orc hits you with an orcish anti-magic war axe.
* * * LOW HITPOINT WARNING * * *
You feel your power leaking away.
Drink which item? (? for menu, Esc to quit)
You feel refreshed.
It was a potion of restore abilities.
The orc hits you with an orcish anti-magic war axe!
You die...

#.. ............. ###
. #........... ... ..#
#)..)...G... ... . ..#
#..g# ...###. ..#
###.# ###...###.##
#...# ###...##...#
#...#
...........#######...#
.........)......@oo..#
##.....##...##...##
#...##.##...##...#
####...##.......#####
..................#
####...#..........#
####...#.....##...#
.........(...######
#......##.####


You could see 2 orcs.

Vanquished Creatures
  An adder (D:2)
  A gnoll (D:3)
  A giant mite (D:2)
  A worm (D:2)
  2 giant geckos (D:2)
  3 orcs (D:3)
  7 bats
  6 goblins
  5 hobgoblins
  A quokka (D:2)
  A ball python (D:1)
  4 giant cockroaches
  4 giant newts
  A giant spore (D:3)
  4 kobolds
  5 rats
  2 ballistomycetes (D:3)
49 creatures vanquished.

Notes
Turn   | Place    | Note
--------------------------------------------------------------
     0 | D:1      | Kae, the Tengu Fire Elementalist, began the quest for the Orb.
     0 | D:1      | Reached XP level 1. HP: 10/10 MP: 3/3
   301 | D:1      | Reached XP level 2. HP: 9/15 MP: 3/5
  1310 | D:2      | Reached XP level 3. HP: 10/19 MP: 0/7
  1377 | D:2      | Reached skill level 4 in Fire Magic
  2343 | D:3      | Reached XP level 4. HP: 24/24 MP: 4/8
  2627 | D:3      | Reached skill level 5 in Fire Magic
  2627 | D:3      | Reached XP level 5. HP: 28/28 MP: 11/11
  2773 | D:3      | Noticed an eye of draining
  2783 | D:3      | Slain by an orc

Action                   |  1- 3 |  4- 6 || total
-------------------------+-------+-------++-------
Melee: Unarmed           |    23 |       ||    23
       Dagger            |    57 |    46 ||   103
Throw: Dart              |       |     1 ||     1
 Cast: Flame Tongue      |    39 |     7 ||    46
  Use: Scroll            |     6 |     1 ||     7
       Potion            |       |     1 ||     1
 Stab: Sleeping          |     2 |       ||     2
       Distracted        |     1 |       ||     1
